 Dungeon Crawl Stone Soup version 0.30-a0-371-gad7725a93e (webtiles) character file.

Game seed: 3170303952221141507

101283 Pooter the Severer (level 15, -9/145 HPs)
             Began as a Minotaur Berserker on Nov 22, 2022.
             Was a Priest of Trog.
             Mangled by a hell knight
             ... wielding a +4 demon blade of flaming
              (30 damage)
             ... on level 14 of the Dungeon on Nov 23, 2022.
             The game lasted 02:11:33 (33836 turns).

Pooter the Severer (Minotaur Berserker)            Turns: 33836, Time: 02:11:34

Health: -9/145     AC: 24    Str: 32    XL:     15   Next: 82%
Magic:  14/14      EV:  7    Int:  6    God:    Trog [***...]
Gold:   134        SH:  5    Dex: 13    Spells: 14/14 levels left

rFire   + . .      SeeInvis .    b - +0 arbalest
rCold   . . .      Faith    .    (shield currently unavailable)
rNeg    . . .      Spirit   .    Z - +1 crystal plate armour
rPois   +          Reflect  +    (helmet restricted)
rElec   +          Harm     +    j - scarf {repulsion}
rCorr   +          Rampage  +    T - +0 pair of gloves
Will    +++..                    r - +1 pair of boots {rampage}
Stlth   ..........               D - amulet "Kekoenwi" {Reflect Harm rC- Str+2 SH+5}
HPRegen 1.44/turn                Y - ring of flight
MPRegen 0.14/turn                w - +6 ring of strength

@: mighty, resistant, strong-willed (expiring), flying, regenerating (expiring),
repel missiles
A: horns 2, retaliatory headbutt
a: Renounce Religion, Berserk, Trog's Hand


You were on level 14 of the Dungeon.
You worshipped Trog.
Trog was most pleased with you.
You visited 3 branches of the dungeon, and saw 22 of its levels.

You collected 2365 gold pieces.
You spent 2231 gold pieces at shops.

Inventory:

Hand Weapons
 a - a +2 great mace of draining
   (You took it off Rupert on level 15 of the Dungeon)
 b - a +0 arbalest (weapon)
   (You took it off an orc warrior on level 2 of the Orcish Mines)
 e - a +4 scimitar of flaming
   (You took it off Erica on level 9 of the Dungeon)
 J - a +0 battleaxe
   (You took it off a wight on level 8 of the Dungeon)
Missiles
 u - 11 boomerangs
 y - 22 javelins
 z - a throwing net {!f}
 A - 2 atropa-tipped darts
 K - 49 poisoned darts
 Q - 191 stones
Armour
 j - a scarf of repulsion (worn)
   (You found it on level 1 of the Dungeon)
 r - a +1 pair of boots of rampaging (worn)
   (You acquired it on level 2 of the Orcish Mines)
 T - a +0 pair of gloves (worn)
   (You found it on level 10 of the Dungeon)
 Z - a +1 crystal plate armour (worn)
   (You found it on level 4 of the Lair of Beasts)
Jewellery
 w - a +6 ring of strength (right hand)
   (You found it on level 4 of the Dungeon)
 D - the amulet "Kekoenwi" (around neck) {Reflect Harm rC- Str+2 SH+5}
   (You bought it in a shop on level 2 of the Orcish Mines)

   [amulet of reflection]

   It reflects blocked missile attacks.
   Str:       It affects your strength (+2).
   rC:        It makes you vulnerable to cold.
   SH:        It affects your SH (+5).
   Harm:      It increases damage dealt and taken.
 F - a ring of protection from fire
   (You found it on level 2 of the Lair of Beasts)
 I - a ring of protection from cold
   (You found it on level 4 of the Lair of Beasts)
 N - a ring of positive energy
   (You found it on level 2 of the Dungeon)
 P - a ring of poison resistance
   (You bought it in a shop on level 2 of the Orcish Mines)
 R - a +4 ring of protection
   (You found it on level 10 of the Dungeon)
 S - a ring of see invisible
   (You found it on level 1 of the Dungeon)
 U - the amulet of Qoorch {rF+ Regen+}
   (You found it on level 15 of the Dungeon)

   [amulet of regeneration]

   rF:        It protects you from fire.
   Regen:     It increases your rate of health regeneration.
 Y - a ring of flight (left hand)
   (You bought it in a shop on level 2 of the Orcish Mines)
Wands
 d - a wand of iceblast (17)
   (You found it on level 7 of the Dungeon)
 f - a wand of flame (6)
   (You found it on level 6 of the Dungeon)
 n - a wand of charming (7)
   (You found it on level 12 of the Dungeon)
 x - a wand of acid (15)
   (You found it on level 7 of the Dungeon)
 G - a wand of polymorph (14)
   (You found it on level 6 of the Dungeon)
 M - a wand of mindburst (27)
   (You found it on level 8 of the Dungeon)
Scrolls
 g - 3 scrolls of butterflies
 h - 3 scrolls of poison {!r}
 i - a scroll of identify {@r1}
 k - a scroll of immolation {!r}
 p - 4 scrolls of fear
 q - 4 scrolls of silence
 t - 10 scrolls of teleportation {@r4}
 B - 3 scrolls of blinking
 H - 4 scrolls of magic mapping
 O - a scroll of vulnerability {!r}
 V - 4 scrolls of summoning
Potions
 l - 6 potions of heal wounds {@q2}
 m - 4 potions of curing {@q1}
 o - 2 potions of attraction {!q}
 s - 2 potions of might
 v - a potion of ambrosia
 C - a potion of invisibility
 E - 2 potions of flight
 L - 4 potions of mutation {!q}
 W - 7 potions of lignification {!q}
 X - 3 potions of haste {@q3}


   Skills:
 + Level 16.5 Fighting
 - Level 20.0 Axes
 * Level 3.2(13.5) Maces & Flails
 + Level 14.5 Ranged Weapons
 + Level 9.2 Armour
 - Level 2.1 Dodging
 - Level 10.8 Evocations


You had 14 spell levels left.
You didn't know any spells.
Your spell library was empty.

Dungeon Overview and Level Annotations

Branches:
Dungeon (15/15)            Temple (0/1) D:6            Lair (5/5) D:11
 Shoals (0/4) Lair:3        Snake (0/4) Lair:3        Slime (0/5) Lair:4
    Orc (2/2) D:10            Elf (0/3) Orc:2        Vaults (0/5) D:13
 Depths (0/4) D:15

Altars:
Dithmenos
Gozag
Kikubaaqudgha
Makhleb
Uskayaw
Vehumet
Xom
The Shining One
Jiyva

Shops:
Orc:2 **=!


Innate Abilities, Weirdness & Mutations

You have a pair of horns on your head.
You reflexively headbutt those who attack you in melee.


Message History

You block the hell knight's attack. The hell hound barely misses you.
You furiously retaliate!
You headbutt the hell hound! You block the hell hound's attack.
The hell knight hits you with a +4 demon blade of flaming.
The hell hound bites you but does no damage. x2
The hell knight hits you with a +4 demon blade of flaming!!
* * * LOW HITPOINT WARNING * * *
The hell knight burns you.
* * * LOW HITPOINT WARNING * * *
You shoot a bolt. The bolt hits the hell knight!
You block the hell hound's attack. The hell hound barely misses you.
You block the hell hound's attack.
The hell knight hits you with a +4 demon blade of flaming.
* * * LOW HITPOINT WARNING * * *
The hell hound breathes flames at you. The blast of flame misses you.
The hell knight hits you with a +4 demon blade of flaming.
* * * LOW HITPOINT WARNING * * *
The hell hound bites you but does no damage. x2
You shoot a bolt.
The bolt closely misses the hell knight.
The hell hound closely misses you. You furiously retaliate!
You headbutt the hell hound!
You kill the hell hound!
Trog accepts your kill.
The hell knight hits you with a +4 demon blade of flaming!
* * * LOW HITPOINT WARNING * * *
The hell knight burns you.
* * * LOW HITPOINT WARNING * * *
The hell hound bites you but does no damage.
The hell knight hits you with a +4 demon blade of flaming.
* * * LOW HITPOINT WARNING * * *
The hell knight burns you.
* * * LOW HITPOINT WARNING * * *
The hell hound bites you but does no damage.
You shoot a bolt. The bolt hits the hell knight!
The hell knight calls down the wrath of its god upon you.
The bolt of fire hits you! You resist.
* * * LOW HITPOINT WARNING * * *
You block the hell hound's attack. You block the hell knight's attack.
The hell hound breathes flames at you.
The blast of flame hits you but does no damage.
The hell knight barely misses you. The hell hound barely misses you.
Unknown command.
You shoot a bolt. The bolt hits the hell knight.
You feel the effects of Trog's Hand fading.
The hell knight hits you but does no damage.
The hell hound bites you but does no damage.
The hell knight hits you with a +4 demon blade of flaming!!
You die...

####........#....#..####..§##
#........######...........
#......................#..
#.....#######..........#..
#.....#.....+..........##+
#.........................
#...#############.........
##...#..)........#.........
#....#.###@≈≈###.#.....>...
#######....#.#.ph))†.#
#.........
#..........≈.#.#####.#
#......... #....#####.§.#. .#
#......... #....# #.≈.# #
#..###.... #....## #.≈.# #.##
#.... #.....####.≈.# #.#
#.... #####......#.#
#.####..## #####..#.#
#.#....##


You could see a hell knight (fast) and a hell hound (catching breath).

Vanquished Creatures
  Rupert (D:15)
  Kirke (D:12)
  Josephine (Orc:2)
  3 ice dragons
  Fannar (D:11)
  5 hydras
  2 ogre magi (Orc:2)
  14 two-headed ogres
  4 centaur warriors
  2 catoblepae
  Erica (D:9)
  2 boulder beetles
  2 tengu warriors (D:13)
  6 death yaks
  5 hell knights (D:14)
  An orc high priest (Orc:1)
  A shadow wraith (D:13)
  An iron troll (Orc:2)
  A deep troll (Orc:2)
  A bog body (Lair:2)
  A necromancer (D:13)
  2 wizards
  3 orc knights
  4 deep elf pyromancers
  A mana viper (Lair:5)
  9 ugly things
  An oklob plant (Lair:3)
  A wolf spider (Lair:5)
  2 orc sorcerers (Orc:2)
  6 cyclopes
  2 manticores
  10 black mambas
  A guardian serpent (Lair:5)
  14 elephants
  15 cane toads
  4 rime drakes
  6 komodo dragons
  An unseen horror (D:11)
  Psyche (D:11)
  An ice devil (Lair:2)
  An efreet (D:13)
  14 trolls
  3 polar bears
  7 hornets
  10 slime creatures
  17 blink frogs
  Sigmund (D:2)
  A vampire (D:10)
  12 wyverns
  3 shadows
  6 wraiths
  70 yaks
  7 basilisks
  A hog (D:12)
  A basilisk (shapeshifter) (D:13)
  A redback (Lair:5)
  4 steam dragons
  3 wargs
  4 nagas (Lair:3)
  6 hell hounds (D:14)
  25 water moccasins
  A black bear (Lair:1)
  3 ice beasts
  11 orc warriors
  5 boggarts (D:14)
  20 wolves
  27 ogres
  12 centaurs
  2 kobold brigands
  4 bullfrogs
  2 gnoll sergeants (D:7)
  5 scorpions
  13 wights
  13 killer bees
  3 howler monkeys (D:7)
  3 hounds (D:6)
  5 jellies
  2 gnoll boudas
  9 orc priests
  7 iguanas
  Natasha (twice) (D:2)
  9 orc wizards
  4 hell rats (Lair:1)
  A polar bear simulacrum (Lair:2)
  20 gnolls
  4 adders
  A shadow imp (D:7)
  6 white imps
  An ufetubus (D:5)
  2 dart slugs
  55 orcs
  6 endoplasms
  5 giant cockroaches
  7 goblins
  9 hobgoblins
  A quokka (D:5)
  14 ball pythons
  7 bats
  6 frilled lizards
  12 kobolds
  4 rats
660 creatures vanquished.

Vanquished Creatures (others)
  A human (D:12)
  A white imp (Lair:5)
  44 fungi
  78 plants
124 creatures vanquished.

Grand Total: 784 creatures vanquished

Notes
Turn   | Place    | Note
-------+----------+-------------------------------------------
     0 | D:1      | Pooter the Minotaur Berserker began the quest for the Orb.
     0 | D:1      | Reached XP level 1. HP: 19/19 MP: 0/0
   141 | D:1      | Reached skill level 4 in Axes
   261 | D:1      | Reached XP level 2. HP: 27/27 MP: 1/1
   751 | D:2      | Noticed Sigmund
   775 | D:2      | Killed Sigmund
   776 | D:2      | Reached skill level 5 in Fighting
   776 | D:2      | Reached skill level 6 in Axes
   776 | D:2      | Reached XP level 3. HP: 36/36 MP: 2/2
   776 | D:2      | Reached XP level 4. HP: 42/42 MP: 3/3
   776 | D:2      | Reached XP level 5. HP: 48/48 MP: 4/4
   910 | D:2      | Reached ** piety under Trog
  1107 | D:2      | Noticed Natasha
  1118 | D:2      | Killed Natasha
  1582 | D:2      | Noticed Natasha
  1593 | D:2      | Killed Natasha
  1594 | D:2      | Reached skill level 1 in Ranged Weapons
  2384 | D:3      | Reached XP level 6. HP: 56/56 MP: 5/5
  2764 | D:4      | Reached skill level 7 in Axes
  3268 | D:4      | Reached *** piety under Trog
  3402 | D:5      | Entered Level 5 of the Dungeon
  3482 | D:5      | Reached XP level 7. HP: 63/63 MP: 6/6
  3517 | D:5      | Reached skill level 8 in Axes
  4156 | D:5      | Reached skill level 9 in Axes
  4156 | D:5      | Reached XP level 8. HP: 33/71 MP: 7/7
  5329 | D:6      | Reached skill level 10 in Axes
  5502 | D:6      | Found a staircase to the Ecumenical Temple.
  5638 | D:6      | Noticed a cyclops
  5645 | D:6      | Killed a cyclops
  5646 | D:6      | Reached skill level 5 in Ranged Weapons
  5731 | D:6      | Reached XP level 9. HP: 60/81 MP: 8/8
  5813 | D:6      | Reached skill level 11 in Axes
  5851 | D:6      | Found a hide-covered altar of Uskayaw.
  6272 | D:6      | Reached skill level 12 in Axes
  6490 | D:6      | Found an opulent altar of Gozag.
  6494 | D:6      | Found a shimmering altar of Xom.
  6494 | D:6      | Found a burning altar of Makhleb.
  6507 | D:6      | Found a glowing golden altar of the Shining One.
  6507 | D:6      | Found a radiant altar of Vehumet.
  6790 | D:7      | Reached **** piety under Trog
  7362 | D:8      | Noticed a two-headed ogre
  7366 | D:8      | Killed a two-headed ogre
  7367 | D:8      | Reached skill level 1 in Evocations
  7367 | D:8      | Reached XP level 10. HP: 89/91 MP: 9/9
  7561 | D:8      | Reached skill level 13 in Axes
  8945 | D:9      | Noticed a two-headed ogre
  8948 | D:9      | Reached skill level 10 in Fighting
  8954 | D:9      | Killed a two-headed ogre
  9088 | D:9      | Noticed Erica
  9106 | D:9      | Killed Erica
  9107 | D:9      | Reached skill level 14 in Axes
  9118 | D:9      | HP: 3/94 [killer bee (3)]
  9369 | D:9      | Noticed Maurice
  9370 | D:9      | Maurice changed into Maurice the blink frog
  9370 | D:9      | Noticed Maurice
  9372 | D:9      | Killed Maurice the blink frog
  9453 | D:9      | Found an ancient bone altar of Kikubaaqudgha.
  9592 | D:9      | You fall into a shaft and drop 1 floor!
  9592 | D:10     | Entered Level 10 of the Dungeon
  9720 | D:10     | Found a staircase to the Orcish Mines.
  9782 | D:10     | Reached XP level 11. HP: 94/101 MP: 10/10
 10318 | D:10     | Found a shadowy altar of Dithmenos.
 10484 | Orc:1    | Entered Level 1 of the Orcish Mines
 10974 | Orc:1    | Noticed an orc knight
 10981 | Orc:1    | Reached skill level 15 in Axes
 10988 | Orc:1    | Killed an orc knight
 11252 | Orc:2    | Entered Level 2 of the Orcish Mines
 11252 | Orc:2    | Found a staircase to the Elven Halls.
 11373 | Orc:2    | Noticed an orc high priest
 11383 | Orc:2    | Noticed a soul eater
 11604 | Orc:1    | Killed an orc high priest
 11647 | Orc:2    | Noticed an orc sorcerer
 11656 | Orc:2    | Killed an orc sorcerer
 11657 | Orc:2    | Reached skill level 5 in Evocations
 11812 | Orc:2    | Noticed a two-headed ogre
 11829 | Orc:2    | Killed a two-headed ogre
 12944 | Orc:2    | Noticed Josephine
 12960 | Orc:2    | Killed Josephine
 12967 | Orc:2    | Reached skill level 16 in Axes
 13098 | Orc:2    | Reached XP level 12. HP: 100/112 MP: 11/11
 13404 | Orc:2    | Noticed a two-headed ogre
 13410 | Orc:2    | Noticed a two-headed ogre
 13412 | Orc:2    | Killed a two-headed ogre
 13413 | Orc:2    | Reached skill level 10 in Ranged Weapons
 13426 | Orc:2    | Killed a two-headed ogre
 13436 | Orc:2    | Noticed a two-headed ogre
 13449 | Orc:2    | Killed a two-headed ogre
 13596 | Orc:2    | Noticed a two-headed ogre
 13601 | Orc:2    | Killed a two-headed ogre
 13674 | Orc:2    | Noticed a two-headed ogre
 13683 | Orc:2    | Killed a two-headed ogre
 13962 | Orc:2    | Reached skill level 17 in Axes
 13986 | Orc:2    | Noticed a two-headed ogre
 13994 | Orc:2    | Killed a two-headed ogre
 14058 | Orc:2    | Noticed a two-headed ogre
 14160 | Orc:2    | Noticed a two-headed ogre
 14168 | Orc:2    | Killed a two-headed ogre
 14264 | Orc:2    | Killed a two-headed ogre
 14346 | Orc:2    | Noticed a two-headed ogre
 14385 | Orc:2    | Killed a two-headed ogre
 15296 | Orc:2    | Noticed an ogre mage
 15305 | Orc:2    | Killed an ogre mage
 16110 | Orc:2    | Found Fitac's Jewellery Shop.
 16115 | Orc:2    | Found Mujooj's General Store.
 16117 | Orc:2    | Found Duri's Distillery.
 16125 | Orc:2    | Found Mutrunas's General Store.
 16127 | Orc:2    | Noticed an ogre mage
 16146 | Orc:2    | Killed an ogre mage
 16453 | Orc:2    | Bought a scroll of acquirement for 936 gold pieces
 16453 | Orc:2    | Acquired a +1 pair of boots of rampaging
 16471 | Orc:2    | Bought a potion of might for 56 gold pieces
 16471 | Orc:2    | Bought a potion of might for 56 gold pieces
 16508 | Orc:2    | Reached XP level 13. HP: 122/122 MP: 12/12
 16663 | Orc:2    | Bought 4 boomerangs for 36 gold pieces
 17249 | D:11     | Reached skill level 18 in Axes
 17302 | D:11     | Found a staircase to the Lair.
 17472 | D:11     | Noticed Psyche
 17480 | D:11     | Killed Psyche
 17602 | D:11     | Noticed Fannar
 17623 | D:11     | Killed Fannar
 18485 | Lair:1   | Entered Level 1 of the Lair of Beasts
 19273 | Lair:1   | Paralysed by a hornet for 3 turns
 19887 | Lair:2   | Reached skill level 19 in Axes
 20138 | Lair:2   | You fall into a shaft and drop 1 floor!
 20545 | Lair:3   | Found a staircase to the Shoals.
 20585 | Lair:3   | Reached XP level 14. HP: 124/132 MP: 13/13
 20633 | Lair:3   | Found a staircase to the Snake Pit.
 20825 | Orc:2    | Bought a ring of poison resistance for 320 gold pieces
 22761 | Lair:4   | Found a staircase to the Slime Pits.
 22762 | Lair:4   | Found a viscous altar of Jiyva.
 23727 | Lair:4   | Reached skill level 20 in Axes
 23900 | Lair:5   | Entered Level 5 of the Lair of Beasts
 24725 | Lair:5   | Reached skill level 5 in Armour
 24872 | Lair:5   | Reached skill level 15 in Fighting
 25053 | Lair:5   | Noticed Nessos
 25054 | Lair:5   | Nessos changed into Nessos the mana viper
 25054 | Lair:5   | Noticed Nessos
 25064 | Lair:5   | Killed Nessos the mana viper
 26258 | Lair:5   | Reached XP level 15. HP: 141/141 MP: 14/14
 27056 | D:12     | Reached skill level 10 in Evocations
 27148 | D:12     | Noticed Kirke
 27155 | D:12     | Killed Kirke
 28888 | Orc:2    | Bought the amulet "Kekoenwi" {Reflect Harm rC- Str+2 SH+5}
                  | for 547 gold pieces
 29352 | D:13     | Found a gate to the Vaults.
 29889 | D:14     | Found a shadowy altar of Dithmenos.
 31056 | D:15     | Entered Level 15 of the Dungeon
 31061 | D:15     | Identified the amulet of Qoorch {rF+ Regen+}
 31261 | D:15     | Noticed Rupert
 31268 | D:15     | Killed Rupert
 31864 | D:15     | Reached skill level 1 in Maces & Flails
 32019 | D:15     | Identified the +10 short sword of Equilibrium {vorpal,
                  | Will+}
 32551 | D:15     | Found a staircase to the Depths.
 32851 | Orc:2    | Bought a ring of flight for 280 gold pieces
 33836 | D:14     | Mangled by a hell knight

Illustrated notes

Levels and vault maps discovered:
D:1:      roderic_chinese_lattice_arrival, layout_basic
D:2:      layout_basic, minmay_pentomino_x4, uniq_sigmund, uniq_natasha
D:3:      layout_basic, serial_co_window_serial, co_window_corner_a,
          co_window_paths_b, co_window_paths_b, co_window_paths_a,
          co_window_of_opportunity_a, co_window_cross_1,
          co_window_unsneaky_path_a, co_window_broadway_a, co_window_broadway_a,
          co_window_corner_cb, co_window_corner_b, co_window_cross_2
D:4:      minmay_diamond_boxcup, layout_basic, kennysheep_generic_room_12
D:5:      layout_layer_cave, nicolae_hexahallways
D:6:      minmay_angry_zag, layout_loops_cross, minmay_overflow_temple_star_hex,
          nicolae_uskayaw_dance_studio, minmay_temple_entry_junction_2
D:7:      layout_rooms
D:8:      layout_layer_cave, corexii_checkpoint_a, sigmund_army
D:9:      layout_roguey, kiku_gazebo_pond_becter, uniq_maurice, uniq_erica
D:10:     layout_long_grid, mainiacjoe_overflow_alcove_2, orc_0_dummy
D:11:     layout_grid_maze, dpeg_lair_monsters, uniq_fannar, uniq_psyche
D:12:     layout_roguey, uniq_kirke
D:13:     layout_long_grid, david_vaults_4
D:14:     layout_irregular_city, nicolae_dithmenos_the_darkroom,
          small_statue_intersection, minmay_rotating_lava
D:15:     grunt_enter_depths_hoard, layout_basic, nicolae_titane, uniq_rupert
Lair:1:   layout_loops_ring, dreamdust_wasp_nest
Lair:2:   dreamdust_isle_of_ice, layout_regular_city
Lair:3:   layout_misc_corridors, elwin_shoals_entry_rocks,
          minmay_snake_entry_guardpost_medium
Lair:4:   layout_cave_pods, minmay_slime_entry_pillars,
          infiniplex_staircase_pool, lemuel_fruit_tree
Lair:5:   hangedman_lair_tendril_chambers, layout_gridlike, serial_bayou_pond_c,
          bobbens_ice_dragon_lair, uniq_nessos
Orc:1:    layout_caves
Orc:2:    st_orc_open, layout_diamond_mine, uniq_josephine

Skill      XL: |  1  2  3  4  5  6  7  8  9 10 11 12 13 14 15 |
---------------+----------------------------------------------+-----
Axes           | 4 6 7 9 10 12 14 16 17 19 20 | 20.0
Fighting       | 5 6 8 9 10 11 13 14 15 16 | 16.5
Ranged Weapons | 1 2 3 5 7 8 9 11 12 13 14 | 14.5
Evocations     | 1 3 5 7 8 9 10 | 10.8
Armour         | 6 9 |  9.2
Maces & Flails | 3 |  3.2
Dodging        | |  2.1

Action                   |  1- 3 |  4- 6 |  7- 9 | 10-12 | 13-15 || total
-------------------------+-------+-------+-------+-------+-------++-------
Melee: Hand axe          |    44 |    78 |       |       |       ||   122
       Headbutt          |     6 |    11 |    33 |    67 |   210 ||   327
       Halberd           |       |    22 |    62 |       |       ||    84
       War axe           |       |       |   122 |    12 |       ||   134
       Punch             |       |       |     2 |       |       ||     2
       Battleaxe         |       |       |       |   309 |   796 ||  1105
       Scimitar          |       |       |       |       |    23 ||    23
       Great mace        |       |       |       |       |    30 ||    30
 Fire: Sling             |       |    56 |     5 |       |       ||    61
       Shortbow          |       |       |    44 |    72 |       ||   116
       Arbalest          |       |       |       |   113 |   195 ||   308
Throw: Dart              |       |     9 |     4 |       |     8 ||    21
       Javelin           |       |       |     4 |     7 |       ||    11
       Boomerang         |       |       |       |       |    56 ||    56
Invok: Berserk           |     1 |     3 |     6 |    18 |    13 ||    41
       Trog's Hand       |       |       |     3 |    18 |    39 ||    60
Evoke: Wand              |       |       |     5 |    11 |    23 ||    39
  Use: Scroll            |       |     6 |     4 |     5 |    15 ||    30
       Potion            |       |       |       |     2 |     6 ||     8
Armor: Chain mail        |    17 |    61 |    63 |    11 |       ||   152
       Animal skin       |     1 |       |       |       |       ||     1
       Plate armour      |       |       |       |   217 |   183 ||   400
       Crystal plate arm |       |       |       |       |   322 ||   322
Dodge: Dodged            |    17 |    57 |    71 |   184 |   324 ||   653
       Repelled          |       |       |     1 |     3 |     6 ||    10
Block: Other             |       |       |       |       |    57 ||    57
       Reflection        |       |       |       |       |     6 ||     6

Table legend: (Time is in decaauts)
 A = Elapsed time spent in this place.
 B = Non-inter-level travel time spent in this place.
 C = Inter-level travel time spent in this place.
 D = Time resting spent in this place.
 E = Time spent auto-exploring this place.
 F = Levels seen in this place.
 G = Mean time per level.
                   A        B        C        D        E       F      G
               +--------+--------+--------+--------+--------+-----+--------+
         Total |  34258 |  32378 |   1880 |  12033 |  15046 |  22 | 1557.2 |
       Dungeon |  19683 |  18527 |   1156 |   5655 |  10275 |  15 | 1312.2 |
          Lair |   8165 |   7826 |    339 |   2061 |   4527 |   5 | 1633.0 |
  Orcish Mines |   6409 |   6026 |    383 |   4317 |    244 |   2 | 3204.5 |
               +--------+--------+--------+--------+--------+-----+--------+

Top non-repeatable levels by time:
   Orc:2: 5439 daAuts
  Lair:5: 2922 daAuts
    D:14: 2869 daAuts
    D:11: 1886 daAuts
     D:5: 1874 daAuts
     D:8: 1688 daAuts
  Lair:2: 1534 daAuts
    D:13: 1484 daAuts
    D:10: 1475 daAuts
     D:6: 1451 daAuts
  Lair:1: 1409 daAuts
  Lair:4: 1319 daAuts
     D:2: 1031 daAuts
    D:15: 1005 daAuts
  Lair:3: 979 daAuts
